 Dungeon Crawl Stone Soup version 0.31-a0-1549-g5ff9445e89 (webtiles) character file.

Game seed: 6881193127387288336

154 grandjackal the Magician (level 5, 0/29 HPs)
             Began as a Deep Elf Earth Elementalist on Jan 3, 2024.
             Slain by an orc priest
             ... wielding a +0 dagger
              (1 damage)
             ... on level 3 of the Dungeon.
             The game lasted 00:04:09 (2095 turns).

grandjackal the Magician (DEEE)                     Turns: 2095, Time: 00:04:10

Health: 0/29       AC:  2    Str:  5    XL:     5   Next: 13%
Magic:  8/13       EV: 12    Int: 22    God:
Gold:   117        SH:  0    Dex: 15    Spells: 0/12 levels left

rFire   . . .        e - +0 dagger (vamp)
rCold   . . .        (no shield)
rNeg    . . .        a - +0 robe
rPois   .            (no helmet)
rElec   .            (no cloak)
rCorr   .            (no gloves)
SInv    .            (no boots)
Will    .....        (no amulet)
Stlth   ++           (no ring)
HPRegen 0.24/turn    (no ring)
MPRegen 0.13/turn

%: no passive effects
@: no status effects
A: no striking features
a: no special abilities


You were on level 3 of the Dungeon.
You visited 1 branch of the dungeon, and saw 3 of its levels.

You collected 117 gold pieces.

Inventory:

Hand Weapons
 e - a +0 vampiric dagger (weapon)
Armour
 a - a +0 robe (worn)
Jewellery
 h - a ring of wizardry
Scrolls
 c - a scroll of immolation {unknown}
 g - 2 scrolls of revelation
 k - a scroll of vulnerability {unknown}
 m - a scroll of enchant weapon {unknown}
Potions
 b - a potion of magic
 f - 4 potions of curing
 i - a potion of berserk rage {unknown}
 j - a potion of lignification {unknown}
 l - a potion of cancellation {unknown}
 n - a potion of invisibility


   Skills:
 - Level 1.0 Fighting
 - Level 2.4 Dodging
 - Level 2.4 Stealth
 + Level 4.3 Spellcasting
 + Level 2.8 Conjurations
 + Level 4.2 Earth Magic
 + Level 1.9 Alchemy


You couldn't memorise any spells.
You knew the following spells:

 Your Spells              Type           Power      Damage    Failure   Level
a - Sandblast             Erth           46%        2d11      1%          1
b - Sting                 Conj/Alch      60%        1d6       4%          1
c - Passwall              Erth           23%        N/A       5%          3
d - Stone Arrow           Conj/Erth      40%        3d9       8%          3
e - Brom's Barrelling Bo  Conj/Erth      20%        2d4       26%         4

Your spell library contained the following spells:

 Spells                   Type           Power      Damage    Failure   Level
 Apportation              Tloc           8%         N/A       11%         1
 Necrotise                Necr           16%        1d4       11%         1
 Summon Small Mammal      Summ           16%        N/A       11%         1
 Petrify                  Alch/Erth      18%        N/A       30%         4
 Call Canine Familiar     Summ           4%         N/A       32%         3
 Animate Armour           Summ/Erth      28%        N/A       41%         4
 Borgnjor's Vile Clutch   Necr/Erth      7%         N/A       77%         5
 Summon Horrible Things   Summ           2%         N/A       100%        8


Dungeon Overview and Level Annotations

Branches:
Dungeon (3/15)

Altars:


Message History

Aiming: Sandblast (safe; 1% risk of failure)
Press: ? - help, Shift-Dir - straight line, f - orc
Aim: an orc, wielding a +0 dagger (83% to hit)
The blast of sand misses the orc.
The blast of sand hits the orc priest!
The orc priest is severely wounded.
The orc hits you but does no damage.
Unknown command.
Casting: Sandblast (safe; 1% risk of failure)
Confirm with . or Enter, or press ? or * to list all spells.
Aiming: Sandblast (safe; 1% risk of failure)
Press: ? - help, Shift-Dir - straight line, f/p - orc
Aim: an orc, wielding a +0 dagger (83% to hit)
The blast of sand hits the orc.
The orc is almost dead.
The orc barely misses you. x2
Unknown command.
Casting: Sandblast (safe; 1% risk of failure)
Confirm with . or Enter, or press ? or * to list all spells.
Aiming: Sandblast (safe; 1% risk of failure)
Press: ? - help, Shift-Dir - straight line, f/p - orc
Aim: an orc, wielding a +0 dagger (almost dead, 83% to hit)
The blast of sand hits the orc.
You kill the orc!
The orc priest mumbles some strange prayers to Beogh against you.
Beogh smites you!
Ouch! That really hurt!
The orc priest mumbles some strange prayers to Beogh against you.
Beogh smites you!
* * * LOW HITPOINT WARNING * * *
Casting: Sandblast (safe; 1% risk of failure)
Confirm with . or Enter, or press ? or * to list all spells.
Aiming: Sandblast (safe; 1% risk of failure)
Press: ? - help, Shift-Dir - straight line, f - orc priest
Aim: an orc priest, wielding a +0 dagger and wearing a +0 ring mail (severely wounded, 85% to hit)
The blast of sand hits the orc priest.
The orc priest is almost dead.
The orc priest hits you with a +0 dagger.
* * * LOW HITPOINT WARNING * * *
The orc priest hits you with a +0 dagger.
You die...

.....#.....## .#
#...###.########
#...# #.........
###.###)########
##)..## .######..##
.........#
#######)## #@# #o#
#o# #######o#####
.......o....#
#########
#######.###o##
#........
##...#...###.######.
#.....o...##.#### #.
##...........)..# #.


You could see 2 orc priests and 2 orcs.

Vanquished Creatures
  A bombardier beetle (D:2)
  An orc wizard (D:3)
  3 gnolls (D:2)
  2 dart slugs (D:2)
  6 orcs
  4 endoplasms
  A giant cockroach (D:1)
  4 goblins
  3 hobgoblins (D:1)
  2 jackals (D:2)
  5 kobolds
  3 quokkas
  6 ball pythons
  4 bats
  4 frilled lizards
  5 rats
54 creatures vanquished.

Notes
Turn   | Place    | Note
-------+----------+-------------------------------------------
     0 | D:1      | grandjackal the Deep Elf Earth Elementalist began the quest
                  | for the Orb.
     0 | D:1      | Reached XP level 1. HP: 10/10 MP: 6/6
   203 | D:1      | Reached XP level 2. HP: 16/16 MP: 8/8
   303 | D:1      | Learned a level 1 spell: Sting
   703 | D:1      | You fall into a shaft and drop 1 floor!
   937 | D:2      | Reached skill level 1 in Fighting
   937 | D:2      | Reached XP level 3. HP: 20/20 MP: 8/10
  1107 | D:2      | Reached skill level 1 in Alchemy
  1342 | D:2      | Reached XP level 4. HP: 25/25 MP: 9/11
  1371 | D:2      | Got the Essays on the Loathsome Legion
  1376 | D:2      | Learned a level 3 spell: Passwall
  1380 | D:2      | Learned a level 3 spell: Stone Arrow
  1522 | D:2      | Found a faded altar of an unknown god.
  1982 | D:3      | Reached XP level 5. HP: 29/29 MP: 9/13
  2025 | D:3      | Learned a level 4 spell: Brom's Barrelling Boulder
  2094 | D:3      | HP: 1/29 [orc priest/+0 dagger (1)]
  2095 | D:3      | Slain by an orc priest

Illustrated notes

Levels and vault maps discovered:
D:1:      minmay_arrival_statue_studded, layout_loops_ring
D:2:      layout_basic, nicolae_ecumenical_snake_handling
D:3:      layout_loops_corners, serial_shops, shop, uniq_terence

Skill      XL: |  1  2  3  4 |
---------------+-------------+-----
Fighting       | 1 |  1.0
Conjurations   | 2 |  2.8
Alchemy        | 1 |  1.9
Spellcasting   | 4 |  4.3
Earth Magic    | 4 |  4.2
Dodging        | |  2.4
Stealth        | |  2.4

Action                     |  1- 3 |  4- 6 || total
---------------------------+-------+-------++-------
  Melee: Dagger            |    38 |     2 ||    40
   Cast: Sandblast         |    40 |    19 ||    59
         Sting             |     3 |     3 ||     6
    Use: Scroll            |       |     3 ||     3
   Stab: Sleeping          |     4 |     1 ||     5
 Armour: Robe              |    39 |     9 ||    48
  Dodge: Dodged            |    32 |    18 ||    50

Table legend: (Time is in decaauts)
 A = Elapsed time spent in this place.
 B = Non-inter-level travel time spent in this place.
 C = Inter-level travel time spent in this place.
 D = Time resting spent in this place.
 E = Time spent auto-exploring this place.
 F = Levels seen in this place.
 G = Mean time per level.
                   A        B        C        D        E       F      G
               +--------+--------+--------+--------+--------+-----+--------+
         Total |   2126 |   2077 |     49 |    411 |   1234 |   3 |  708.7 |
       Dungeon |   2126 |   2077 |     49 |    411 |   1234 |   3 |  708.7 |
               +--------+--------+--------+--------+--------+-----+--------+

Top non-repeatable levels by time:
     D:2: 1037 daAuts
     D:1: 931 daAuts
     D:3: 157 daAuts
